 Dungeon Sprint DCSS version 0.30-a0-1043-g60ff8d5f49 (webtiles) character file.

Game seed: 14427942554133633677

5900000 Danienth the Archmage (level 22, -109/194 HPs)
             Began as a Djinni Fire Elementalist on Apr 9, 2023.
             Was the Champion of Makhleb.
             Annihilated by The Servant
             ... wielding a +9 glaive of flaming
              (160 damage)
             ... in the Dungeon (Sprint VIII: "Arena of Blood").
             The game lasted 00:09:00 (59 turns).

Danienth the Archmage (Djinni Fire Elementalist)      Turns: 59, Time: 00:09:01

Health: -109/194   AC:  3    Str: 15    XL:     22   Next: 52%
Gold:   0          EV: 28    Int: 18    God:    Makhleb [******] SH:  0 Dex: 16

rFire   + + .      SeeInvis .    g - +∞ Axe of Woe
rCold   x . .      Faith    .    (shield currently unavailable)
rNeg    . . .      Spirit   .    a - +0 robe
rPois   ∞          Reflect  .    (no helmet)
rElec   .          Rampage  .    (no cloak)
rCorr   .          NoTele   +    (no gloves)
Will    ++...                    (boots unavailable)
Stlth   ++++++++++               (no amulet)
HPRegen 0.52/turn                i - +200 ring of slaying
MPRegen 0.00/turn                e - +250 ring of slaying

@: on berserk cooldown, flying, hasted and slowed
A: sickness immunity, fire resistance 2, cold vulnerability 1, float, innate
caster, HP casting, extra vitality 1
a: Renounce Religion, Minor Destruction, Lesser Servant of Makhleb, Major
Destruction, Greater Servant of Makhleb


You were in the Dungeon.
You worshipped Makhleb.
Makhleb was exalted by your worship.
You visited 1 branch

Inventory:

Hand Weapons
 g - the +∞ Axe of Woe (weapon)
   (You found it in the Dungeon)
Armour
 a - a +0 robe (worn)
Jewellery
 d - a +30 ring of slaying
 e - a +250 ring of slaying (right hand)
 h - a +30 ring of slaying
 i - a +200 ring of slaying (left hand)
Scrolls
 f - a scroll of blinking
Potions
 b - a potion of curing
 c - a potion of heal wounds


   Skills:
 O Level 27 Fighting
 + Level 13.0(15.2) Short Blades
 + Level 13.0(15.2) Long Blades
 O Level 27 Axes
 + Level 12.0(22.0) Maces & Flails
 + Level 12.0(22.0) Polearms
 + Level 12.3(16.6) Staves
 + Level 11.3 Ranged Weapons
 + Level 11.3 Throwing
 + Level 13.3 Armour
 O Level 27 Dodging
 O Level 27 Stealth
 + Level 13.3 Shields
 + Level 13.3 Unarmed Combat
 O Level 27 Spellcasting
 + Level 13.3 Invocations
 + Level 13.3 Evocations


You knew the following spells:

 Your Spells              Type           Power      Damage    Failure   Level
a - Foxfire               Conj/Fire      100%       2x1d9     0%          1
b - Scorch                Fire           100%       2d9       0%          2
c - Volatile Blastmotes   Fire/Tloc      100%       2d18      0%          3
d - Inner Flame           Hex/Fire       88%        N/A       0%          3
e - Flame Wave            Conj/Fire      88%        2d19      0%          4
f - Necrotise             Necr           100%       1d9       0%          1
g - Static Discharge      Conj/Air       100%       2-7/arc   0%          2
h - Searing Ray           Conj           100%       2d8       0%          2
i - Mephitic Cloud        Conj/Pois/Air  88%        N/A       0%          3
j - Cause Fear            Hex            44%        N/A       0%          4
k - Fireball              Conj/Fire      44%        3d18      0%          5
l - Eringya's Noxious Bo  Tmut/Pois      44%        N/A       0%          6
m - Summon Hydra          Summ           44%        N/A       1%          7
n - Ozocubu's Refrigerat  Ice            44%        4d17      1%          7
o - Borgnjor's Revivific  Necr           44%        N/A       1%          8
Your spell library was empty.

Dungeon Overview and Level Annotations

Branches:
Dungeon (1/1)

Altars:
Makhleb

Annotations:
D The Servant


Innate Abilities, Weirdness & Mutations

You are immune to sickness and miasma.
You are immune to poison.
Your flesh is very heat resistant. (rF++)
You are vulnerable to cold. (rC-)
You float through the air rather than walking.
You learn spells naturally, not from books.
Your magical power is your life essence.
You have superior vitality. (+4 MHP)


Message History

You are engulfed in blazing flames.
You resist.
You hear a shout! x6
The dread calls on the powers of darkness!
Your body is wracked with pain!
* * * LOW HITPOINT WARNING * * *
The Servant convulses!
The bag of meat convulses!
The Servant is engulfed in blazing flames.
The Servant misses you.
You hear a shout! x4
A meat berserker comes into view. It is wielding a +9 battleaxe.
You hear a shout!
Your base Short Blades skill gained 2 levels and is now at level 13!
Your base Long Blades skill gained 2 levels and is now at level 13!
Your base Maces & Flails skill gained 2 levels and is now at level 12!
Your base Polearms skill gained 2 levels and is now at level 12!
Your base Staves skill gained 2 levels and is now at level 12!
Your Ranged Weapons skill gained 2 levels and is now at level 11!
Your Throwing skill gained 2 levels and is now at level 11!
Your Armour skill gained 2 levels and is now at level 13!
Your Shields skill gained 2 levels and is now at level 13!
Your Unarmed Combat skill gained 2 levels and is now at level 13!
Your Invocations skill gained 2 levels and is now at level 13!
Your Evocations skill gained 2 levels and is now at level 13!
You have reached level 22!
You dice the meat berserker like an onion!!!!
You chop the meat berserker into pieces.
You kill the meat berserker!
Makhleb accepts your kill.
You feel better.
You are engulfed in blazing flames.
You resist.
You hear a shout! x3
A bag of meat comes into view. It is wielding a +9 war axe. x2
The dread calls on the powers of darkness!
Your body is wracked with pain!
* * * LOW HITPOINT WARNING * * *
The Servant convulses!
The meat berserker convulses! x2
You hear a shout! x2
The Servant is engulfed in blazing flames.
The Servant hits you from afar with a +9 glaive of flaming!!!!!
Ouch! That really hurt!
You die...

#.. .o.# #.. ...#
O .###.. ...###.o
......###......
......_..... .
#...))# . ...
#_.<)_# ...
..o..#.§§§)#.....
..o....§○@§§...W.
.......###§§.....
..###.. §O@###..
#.. ...# . #..
...# ... ....o
.... ..O. ....
....


You could see The Servant, a dread, 2 meat berserkers and 3 bags of meat.

Vanquished Creatures
  4 vampire knights (D)
  11 ogres (D)
  2 two-headed ogres (D)
  21 orcs (D)
  A skeletal warrior (D)
39 creatures vanquished.

Vanquished Creatures (others)
  4 foxfires (D)
4 creatures vanquished.

Grand Total: 43 creatures vanquished

Notes
Turn   | Place    | Note
-------+----------+-------------------------------------------
     0 | D        | Found the +∞ Axe of Woe
     0 | D        | Danienth the Djinni Fire Elementalist began the quest for
                  | the Orb.
     0 | D        | Danienth set off with the following spells memorised:
                  | Foxfire, Scorch, Volatile Blastmotes, Inner Flame, Flame
                  | Wave.
     0 | D        | Reached XP level 1. HP: 15/15 MP: 0/0
     2 | D        | Noticed a meat berserker
     2 | D        | Noticed a bag of meat
     2 | D        | Noticed a bag of meat
     3 | D        | Noticed a bag of meat
     3 | D        | Noticed a bag of meat
     4 | D        | Noticed a bag of meat
     5 | D        | Killed a meat berserker
     5 | D        | Noticed a meat berserker
     5 | D        | Noticed a bag of meat
     5 | D        | Noticed a bag of meat
     5 | D        | Noticed a bag of meat
     6 | D        | Reached skill level 10 in Fighting
     6 | D        | Reached skill level 10 in Dodging
     6 | D        | Reached XP level 2. HP: 35/35 MP: 0/0
     6 | D        | Reached XP level 3. HP: 40/40 MP: 0/0
     6 | D        | Learned a level 1 spell: Necrotise
     6 | D        | Reached XP level 4. HP: 46/46 MP: 0/0
     6 | D        | Reached XP level 5. HP: 51/51 MP: 0/0
     6 | D        | Learned a level 2 spell: Static Discharge
     6 | D        | Reached XP level 6. HP: 58/58 MP: 0/0
     6 | D        | Reached XP level 7. HP: 63/63 MP: 0/0
     6 | D        | Learned a level 2 spell: Searing Ray
     6 | D        | Reached XP level 8. HP: 68/68 MP: 0/0
     6 | D        | Reached XP level 9. HP: 74/74 MP: 0/0
     6 | D        | Learned a level 3 spell: Mephitic Cloud
     6 | D        | Reached XP level 10. HP: 80/80 MP: 0/0
     6 | D        | Reached XP level 11. HP: 85/85 MP: 0/0
     6 | D        | Learned a level 4 spell: Cause Fear
     6 | D        | Reached XP level 12. HP: 91/91 MP: 0/0
     6 | D        | Killed a bag of meat
     7 | D        | Reached XP level 13. HP: 99/99 MP: 0/0
     7 | D        | Learned a level 5 spell: Fireball
     8 | D        | Killed a bag of meat
     8 | D        | Killed a meat berserker
     8 | D        | Noticed a bag of meat
     9 | D        | Reached skill level 10 in Axes
     9 | D        | Reached XP level 14. HP: 61/110 MP: 0/0
     9 | D        | Killed a bag of meat
     9 | D        | Killed a bag of meat
     9 | D        | Killed a bag of meat
    10 | D        | Reached skill level 15 in Dodging
    10 | D        | Reached XP level 15. HP: 66/118 MP: 0/0
    10 | D        | Learned a level 6 spell: Eringya's Noxious Bog
    11 | D        | Reached skill level 15 in Fighting
    13 | D        | Reached skill level 10 in Stealth
    13 | D        | Reached skill level 27 in Spellcasting
    13 | D        | Reached XP level 16. HP: 55/130 MP: 0/0
    13 | D        | Noticed a meat berserker
    14 | D        | Became a worshipper of Makhleb the Destroyer
    16 | D        | Reached skill level 15 in Axes
    16 | D        | Reached * piety under Makhleb
    16 | D        | Noticed a meat berserker
    18 | D        | Killed a meat berserker
    19 | D        | Reached XP level 17. HP: 133/143 MP: 0/0
    19 | D        | Learned a level 7 spell: Summon Hydra
    21 | D        | Noticed a meat berserker
    24 | D        | Noticed a destroyer
    25 | D        | Killed a meat berserker
    25 | D        | Reached ** piety under Makhleb
    25 | D        | Noticed a meat berserker
    27 | D        | Noticed a meat berserker
    28 | D        | Noticed a sculptor of flesh
    29 | D        | Noticed a destroyer
    29 | D        | Noticed a destroyer
    32 | D        | Killed a destroyer
    33 | D        | Reached XP level 18. HP: 154/155 MP: 0/0
    33 | D        | Killed a meat berserker
    35 | D        | Killed a sculptor of flesh
    35 | D        | Reached *** piety under Makhleb
    35 | D        | Killed a destroyer
    36 | D        | Reached skill level 27 in Axes
    36 | D        | Reached XP level 19. HP: 166/166 MP: 0/0
    36 | D        | Learned a level 7 spell: Ozocubu's Refrigeration
    37 | D        | Killed a meat berserker
    37 | D        | Reached **** piety under Makhleb
    38 | D        | Reached skill level 27 in Fighting
    38 | D        | Reached skill level 27 in Dodging
    39 | D        | Noticed a meat berserker
    42 | D        | Killed a destroyer
    43 | D        | Reached XP level 20. HP: 181/181 MP: 0/0
    43 | D        | Noticed The Servant
    44 | D        | Noticed a large bag of meat
    45 | D        | Noticed a meat berserker
    46 | D        | Noticed a destroyer
    46 | D        | Noticed a meat berserker
    48 | D        | Killed a meat berserker
    48 | D        | Reached ***** piety under Makhleb
    48 | D        | Noticed a large bag of meat
    49 | D        | Reached skill level 27 in Stealth
    49 | D        | Killed a meat berserker
    50 | D        | Reached skill level 5 in Short Blades
    50 | D        | Reached skill level 5 in Long Blades
    50 | D        | Reached skill level 5 in Maces & Flails
    50 | D        | Reached skill level 5 in Polearms
    50 | D        | Reached skill level 5 in Staves
    50 | D        | Reached skill level 5 in Armour
    50 | D        | Reached skill level 5 in Shields
    50 | D        | Reached skill level 5 in Unarmed Combat
    50 | D        | Reached skill level 5 in Invocations
    50 | D        | Reached skill level 5 in Evocations
    50 | D        | Noticed a meat berserker
    51 | D        | Reached skill level 5 in Ranged Weapons
    51 | D        | Reached skill level 5 in Throwing
    51 | D        | Killed a meat berserker
    52 | D        | Reached XP level 21. HP: 187/187 MP: 0/0
    52 | D        | Learned a level 8 spell: Borgnjor's Revivification
    53 | D        | Killed a meat berserker
    53 | D        | Reached ****** piety under Makhleb
    54 | D        | Reached skill level 10 in Armour
    54 | D        | Reached skill level 10 in Shields
    54 | D        | Reached skill level 10 in Unarmed Combat
    54 | D        | Reached skill level 10 in Invocations
    54 | D        | Reached skill level 10 in Evocations
    54 | D        | Noticed a meat berserker
    57 | D        | Reached skill level 10 in Short Blades
    57 | D        | Reached skill level 10 in Long Blades
    57 | D        | Noticed a dread
    57 | D        | Killed a large bag of meat
    58 | D        | Reached skill level 10 in Maces & Flails
    58 | D        | Reached skill level 10 in Polearms
    58 | D        | Reached skill level 10 in Staves
    58 | D        | Killed a destroyer
    58 | D        | Killed a large bag of meat
    58 | D        | Noticed a meat berserker
    59 | D        | Reached XP level 22. HP: 55/194 MP: 0/0
    59 | D        | Killed a meat berserker
    59 | D        | Annihilated by The Servant

Illustrated notes

Levels and vault maps discovered:
D:        meatsprint

Skill      XL: |  1  2  3  4  5  6  7  8  9 10 11 12 13 14 15 16 17 18 19 20 21 |
---------------+----------------------------------------------------------------+-----
Fighting       | 10 11 13 14 16 20 22 24 27 | 27.0
Axes           | 8 9 10 12 14 19 23 27 | 27.0
Dodging        | 10 12 13 15 17 20 23 25 27 | 27.0
Stealth        | 6 7 8 9 10 11 13 14 23 27 | 27.0
Spellcasting   | 18 20 23 25 27 | 27.0
Short Blades   | 7 13 | 13.0
Long Blades    | 7 13 | 13.0
Maces & Flails | 7 12 | 12.0
Polearms       | 7 12 | 12.0
Staves         | 7 12 | 12.3
Ranged Weapons | 6 11 | 11.3
Throwing       | 6 11 | 11.3
Armour         | 7 13 | 13.3
Shields        | 7 13 | 13.3
Unarmed Combat | 7 13 | 13.3
Invocations    | 8 13 | 13.3
Evocations     | 7 13 | 13.3

Action                     |  1- 3 |  4- 6 |  7- 9 | 10-12 | 13-15 | 16-18 | 19-21 | 22-24 || total
---------------------------+-------+-------+-------+-------+-------+-------+-------+-------++-------
  Melee: Executioner's axe |     1 |       |       |     1 |     5 |     7 |    12 |     1 ||    27
   Cast: Foxfire           |       |       |       |       |       |     2 |       |       ||     2
         Cause Fear        |       |       |       |       |       |     1 |       |       ||     1
         Eringya's Noxious |       |       |       |       |       |     1 |       |       ||     1
         Volatile Blastmot |       |       |       |       |       |     1 |       |       ||     1
    Use: Potion            |       |       |       |       |       |     1 |     1 |       ||     2
  Dodge: Dodged            |       |       |       |       |     1 |       |     1 |       ||     2

Table legend: (Time is in decaauts)
 A = Elapsed time spent in this place.
 B = Non-inter-level travel time spent in this place.
 C = Inter-level travel time spent in this place.
 D = Time resting spent in this place.
 E = Time spent auto-exploring this place.
 F = Levels seen in this place.
 G = Mean time per level.
                   A        B        C        D        E       F      G
               +--------+--------+--------+--------+--------+-----+--------+
         Total |     46 |     46 |      0 |      0 |      0 |   1 |   46.0 |
       Dungeon |     46 |     46 |      0 |      0 |      0 |   1 |   46.0 |
               +--------+--------+--------+--------+--------+-----+--------+

Top non-repeatable levels by time:
       D: 46 daAuts
